Unix NetHack Version 5.0.0-0 post-release - last build May  3 2026 23:40:34 (9823c992c0763bbd039eca2974112f46eaf799b3,branch:main).

Game began 2026-05-04 12:33:52, ended 2026-05-04 13:04:54.

DaveT, lawful male human Priest

                              -------
                          -----..|..|
                          |.......Y.----------------
                          |...|...-@.^......^^^^^^.|
                          |.---.-..`..------------+|
                          |.....`..|.--  |.........|
                          |.----`.--.|   |.........|
                          |.`..`..|*.|   |.........|
                          |.`.`.`...-|   |.........|
                          |..|...|`..|   |....<....|
                          |.`-----.-.|   |.........|
                          |..........|   |.........|
                          --.>--------   |.........|
                           ----          -----------

DaveT the Adept              St:13 Dx:10 Co:14 In:11 Wi:18 Ch:11  Lawful
Dlvl:5  $:128 HP:0(47) Pw:76(76) AC:4  Xp:6 T:4795  Burdened

Latest messages:
 With great effort you move the boulder.
 With great effort you move the boulder.
 It's a wall.
 It's a wall.
 It's a wall.
 With great effort you move the boulder.
 The boulder suddenly rolls away from you!
 You hear a boulder fall.
 Something is written here in the dust.
 You read: "fo/Lqbereth".
 With great effort you move the boulder.
 With great effort you move the boulder.
 With great effort you move the boulder.
 With great effort you move the boulder.
 You try to move the boulder, but in vain.
 With great effort you move the boulder.
 It's a wall.
 It's a wall.
 It's a wall.
 It's a wall.
 It's a wall.
 With great effort you move the boulder.
 The boulder suddenly rolls away from you!
 You hear a boulder fall.
 With great effort you move the boulder.
 Something is written here in the dust.
 You read: "?c/Lc|cre?h".
 It's a wall.
 It's a wall.
 It's a wall.
 With great effort you move the boulder.
 With great effort you move the boulder.
 With great effort you move the boulder.
 The owlbear hits!
 The owlbear misses!
 You hit the owlbear!
 The owlbear hits!
 The owlbear hits again!
 The owlbear grabs you!
 You hit the owlbear.
 The owlbear just misses!
 The owlbear hits!
 You are being crushed.
 You hit the owlbear.
 The owlbear hits!
 The owlbear hits again!
 You are being crushed.
 You die...
 Do you want your possessions identified? [ynq] (y) y
 Do you want to see your attributes? [ynq] (y) q

Inventory:
 Coins    ('$')
  $ - 128 gold pieces
 Weapons  (')')
  s - 11 +0 elven arrows
  R - 6 +0 darts
  S - 6 +0 daggers
  D - a +0 orcish dagger
  l - a +0 spear
  a - a blessed +1 mace (weapon in right hand)
 Armor    ('[')
  C - a +0 orcish helm (being worn)
  c - a +0 small shield (being worn)
  b - a blessed +2 robe (being worn)
 Comestibles  ('%')
  e - a clove of garlic
  j - 4 food rations
  f - a sprig of wolfsbane
  U - 2 cursed rotten tins of iguana meat
  P - a lizard corpse
  V - a lizard corpse
 Rings    ('=')
  L - a ring of fire resistance (on left hand)
  B - a ring of sustain ability
 Wands    ('/')
  N - a wand of cold (0:6)
  v - a wand of digging (0:5)
  M - a wand of polymorph (0:6)
  G - a wand of striking (0:6)
 Tools    ('(')
  O - a sack containing 20 items
  I - a blindfold
  J - a +0 pick-axe
  q - a skeleton key
 Gems/Stones  ('*')
  m - an opal
  p - 2 worthless pieces of blue glass
  y - 4 worthless pieces of green glass
  w - 2 worthless pieces of red glass
  r - a worthless piece of violet glass
  i - a worthless piece of white glass
  o - 4 worthless pieces of yellowish brown glass

Contents of the sack:
  227 gold pieces
  a cursed scroll of blank paper
  a cursed scroll of charging
  2 scrolls of earth
  a cursed scroll of remove curse
  a scroll of stinking cloud
  a spellbook of cure blindness
  a spellbook of light
  a cursed potion of acid
  a cursed potion of enlightenment
  3 potions of healing
  3 cursed potions of healing
  a potion of levitation
  a cursed potion of restore ability
  a cursed potion of see invisible
  a potion of speed
  3 potions of holy water
  a cursed -5 ring of gain strength
  a cursed ring of hunger
  a cursed ring of levitation

DaveT the Priest's attributes:

Background:
 You were an Adept, a level 6 human Priest.
 You were lawful, on a mission for Athena
 who was opposed by Hermes (neutral) and Poseidon (chaotic).
 You were right-handed.
 You were in Sokoban, on level 5.
 You entered the dungeon 4795 turns ago.
 There was a full moon in effect when your adventure ended.
 You had 598 experience points, 42 more were needed to attain level 7.

Basics:
 You had 0 out of 47 hit points.
 You had all 76 energy points (spell power).
 Your armor class was 4.
 Your wallet contained 128 zorkmids, and
 you had 227 more stashed away in your pack.
 Autopickup was off.

Final Characteristics:
 Your strength was 13 (peak:14, limit:18/100).
 Your dexterity was 10 (limit:18).
 Your constitution was 14 (limit:18).
 Your intelligence was 11 (limit:18).
 Your wisdom was 18 (limit:18).
 Your charisma was 11 (limit:18).

Final Status:
 You were held by an owlbear (northwest).
 You weren't hungry.
 You were burdened; movement was slightly slowed.
 You were wielding a mace.
 You were skilled in mace.

Final Attributes:
 You were piously aligned.
 You were fire resistant.
 Your items were protected from fire.
 You were poison resistant.
 You were telepathic.
 You were guarded.
 Your spell casting was enhanced by wearing a robe.
 You were lucky.
 You are dead.

Miscellaneous:
 You encountered 1 bones level.
 Total elapsed playing time was 30 minutes and 56 seconds.

Major events:
 Turn
    1: DaveT the lawful human Priest entered the dungeon
  927: entered the Gnomish Mines
  997: attained the rank of Acolyte (level 3)
 2875: attained the rank of Adept (level 6)
 3185: entered Sokoban
 3841: completed 1st Sokoban level
 4795: killed by an owlbear

Spells:
 Name                 Level Category     Fail Retention
 light                  1   clerical       0%   71%-80%
 create monster         2   clerical       0%   71%-80%
 cure blindness         2   healing       27%  76%-100%

Skills:
 Fighting Skills
   bare handed combat [Unskilled]
 Weapon Skills
   club               [Unskilled]
   mace               [Skilled]
   morning star       [Unskilled]
   flail              [Unskilled]
   hammer             [Unskilled]
   quarterstaff       [Unskilled]
   polearms           [Unskilled]
   spear              [Unskilled]
   trident            [Unskilled]
   lance              [Unskilled]
   bow                [Unskilled]
   sling              [Unskilled]
   crossbow           [Unskilled]
   dart               [Unskilled]
   shuriken           [Unskilled]
   boomerang          [Unskilled]
   unicorn horn       [Unskilled]
 Spellcasting Skills
   healing spells     [Unskilled]
   divination spells  [Unskilled]
   clerical spells    [Basic]

Voluntary challenges:
 Character rerolling was not enabled.
 You never genocided any monsters.
 You never polymorphed an object.
 You never changed form.
 You used no wishes.
 You violated the special Sokoban rules once.
Achievements:
 You entered the Gnomish Mines.
 You attained the rank of Acolyte.
 You entered a shop.
 You attained the rank of Adept.
 You entered Sokoban.

 The Dungeons of Doom: levels 1 to 7
    Level 1:
    Level 2: "vault"
    Level 3:
       Stairs down to The Gnomish Mines.
    Level 4:
       A fountain.
    Level 5: "vault door in S"
       A general store, an altar to Athena, some fountains.
    Level 6:
       Final resting place for
          Drastanta-Bar-Hum-Mal-Neu, killed by a giant ant.
    Level 7:
       Stairs up to Sokoban, level 6.
 The Gnomish Mines:
    Level 4:
 Sokoban: levels 6 up to 5
    Level 5: <- You were here.
       Unsolved.
       Final resting place for
          you, killed by an owlbear.
    Level 6:
       Solved.
 The Tutorial:
    Level 1:


Vanquished creatures:
  a ghost
  a small mimic
  a leprechaun
 an ice vortex
  2 lizards
  a snake
  a mountain nymph
  a rock piercer
  2 rock moles
  2 ponies
  3 yellow lights
  a violet fungus
  a gray ooze
  2 giant ants
  2 floating eyes
  a kitten
  a dwarf
  a homunculus
  a kobold leader
  a rothe
 an orc zombie
  a dwarf zombie
  2 iguanas
 an acid blob
  3 coyotes
  a hobgoblin
  2 giant rats
  a yellow mold
  a green mold
  2 red molds
  3 gnomes
  2 garter snakes
  4 geckos
  4 jackals
  3 foxes
  2 goblins
  2 sewer rats
  4 grid bugs
  5 lichens
  2 kobold zombies
  6 newts
79 creatures vanquished.

No species were genocided or became extinct.

Game over:
                       ----------
                      /          \
                     /    REST    \
                    /      IN      \
                   /     PEACE      \
                  /                  \
                  |      DaveT       |
                  |      355 Au      |
                  |   killed by an   |
                  |     owlbear      |
                  |                  |
                  |                  |
                  |       2026       |
                 *|     *  *  *      | *
        _________)/\\_//(\/(/\)/\//\/|_)_______

Goodbye DaveT the Priest...

You died in Sokoban on dungeon level 5 with 3032 points,
and 355 pieces of gold, after 4795 moves.
You were level 6 with a maximum of 47 hit points when you died.

